Map: Site Delta LE

Players

Shrub

  • Race: Zerg Zerg
  • League: Diamond
  • Spawn Location: 11:00

SubN - Winner!

  • Race: Zerg Zerg
  • League: Diamond
  • Spawn Location: 5:00

VOD

Have the link to the VOD?

Description

Time

  • Played on: Nov. 18, 2023, 10:18 a.m.
  • Length: 3:44
Show
View Real Time Build Order
Export as new Build Order

Shrub Zerg 

Build Orders: Hatch First 

Get SALT Encoding   

  12  0:00  Drone  
  13  0:09  Drone  
  14  0:16  Overlord  
  14  0:42  Drone x3  
  17  0:54  Hatchery  
  16  0:59  Drone  
  17  1:11  Spawning Pool  
  16  1:13  Drone  
  16  1:17  Extractor  
  16  1:19  Drone  
  17  1:26  Drone  
  18  1:39  Overlord  
  18  1:48  Drone  
  19  1:58  Queen  
  19  2:00  Zergling x2  
  22  2:05  Queen  
  22  2:06  Drone  
  25  2:10  Drone  
  26  2:16  Drone  
  26  2:18  Metabolic Boost  
  26  2:19  Drone  
  28  2:27  Drone  
  29  2:31  Drone  
  30  2:38  Drone  
  31  2:51  Drone x2  
  31  2:54  Hatchery  
  31  2:56  Overlord  
  32  3:02  Baneling Nest, Zergling x2  
  32  3:06  Overlord  
  29  3:16  Zergling x8  
  28  3:26  Zergling x4  
Show
View Real Time Build Order
Export as new Build Order

SubN Zerg - Winner!

Build Orders: Pool First 

Get SALT Encoding   

  12  0:00  Drone  
  13  0:08  Drone  
  14  0:14  Extractor  
  13  0:36  Spawning Pool  
  12  0:57  Hatchery  
  11  1:23  Queen  
  13  1:30  Metabolic Boost  
  13  1:34  Overlord  
  13  1:40  Zergling x2  
  14  1:52  Zergling x4  
  16  1:58  Zergling x2  
  17  2:09  Zergling x4  
  19  2:17  Queen  
  21  2:24  Zergling x2  
  21  2:26  Zergling x2  
  23  2:31  Zergling x2  
  23  2:35  Zergling x2  
  25  2:46  Zergling x4  
  27  3:00  Zergling x2  
Tags
 
Add a new tag
Caveats
  • Supply blocks, unpowered buildings, or Contaminate may cause inaccurate times.
  • Supply counts are checked every 10 seconds.